 Dungeon Crawl Stone Soup version 0.25.0-26-g0c896c7088 (webtiles) character file.

Game seed: 11203646859008271358

53 grindst0ne the Skirmisher (level 4, 0/35 HPs)
             Began as a Human Chaos Knight on July 1, 2020.
             Was a Plaything of Xom.
             Killed from afar by a white imp (9 damage)
             ... with a puff of frost
             ... summoned by Natasha
             ... on level 2 of the Dungeon.
             The game lasted 00:01:40 (1045 turns).

grindst0ne the Skirmisher (Human Chaos Knight)      Turns: 1045, Time: 00:01:41

Health: 0/35       AC:  5    Str: 14    XL:     4   Next: 11%
Magic:  4/4        EV: 12    Int: 12    God:    Xom [..*...]
Gold:   53         SH:  0    Dex: 18    Spells: 3/3 levels left

rFire    . . .     SeeInvis +   a - +0 hand axe (chaos)
rCold    . . .     Gourm    .   (no shield)
rNeg     . . .     Faith    .   b - +2 leather armour
rPois    .         Spirit   .   (no helmet)
rElec    .         Reflect  .   (no cloak)
rCorr    .         Harm     .   (no gloves)
MR       .....                  (no boots)
Stlth    +.........             (no amulet)
HPRegen  0.11/turn              h - +6 ring of dexterity
MPRegen  0.09/turn              l - ring of see invisible

@: slowed, very slow
A: no striking features
a: Renounce Religion


You were on level 2 of the Dungeon.
You worshipped Xom.
You were a toy of Xom.
You were not hungry.

You visited 1 branch of the dungeon, and saw 2 of its levels.

You collected 53 gold pieces.

Inventory:

Hand Weapons
 a - a +0 hand axe of chaos (weapon)
 q - a +2 dagger of draining
Armour
 b - a +2 leather armour (worn)
Jewellery
 h - a +6 ring of dexterity (left hand)
 l - a ring of see invisible (right hand)
Scrolls
 e - a scroll of enchant weapon {unknown}
 f - a scroll of fear {unknown}
 g - a scroll of remove curse
 j - 3 scrolls of teleportation {unknown}
 n - a scroll of random uselessness {unknown}
 p - a scroll of identify {unknown}
Potions
 d - a potion of degeneration {unknown}
 i - 3 potions of curing {unknown}
 k - a potion of berserk rage {unknown}
Comestibles
 c - 4 rations
 o - 5 chunks of flesh


   Skills:
 + Level 3.4 Fighting
 + Level 3.4 Axes
 + Level 2.6 Armour
 + Level 1.9 Dodging


You had 3 spell levels left.
You didn't know any spells.
Your spell library was empty.

Dungeon Overview and Level Annotations

Branches:
Dungeon (2/15)

Altars:
Elyvilon

Annotations:
D:2 Natasha


Message History

You barely miss the shadow imp. You hit the hobgoblin.
Lightning courses through the hobgoblin!
You kill the hobgoblin!
Xom plays with reality for a moment.
Natasha looks frightened!
The shadow imp is unaffected.
The white imp is unaffected.
The shadow imp barely misses you. The shadow imp gestures at you.
You barely resist. You closely miss the white imp. You hit the shadow imp.
The shadow imp's magic leaks into the air.
The white imp gestures at you. The puff of frost hits you.
* * * LOW HITPOINT WARNING * * *
The shadow imp falters for a moment.
The white imp hits you but does no damage.
The shadow imp hits you but does no damage.
The white imp barely misses you. The white imp gestures at you.
The puff of frost hits you!
You die...

## ####
♣♣.......♣♣ #
#.# ♣♣.....♣♣
####.#
♣♣...♣♣
##.#.#
♣♣.....♣♣
<.#..#
♣♣.......♣♣
.###.#
♣...≈≈≈...♣
#.#..#
♣♣..≈≈≈≈≈..♣♣
...#.#
♣...≈≈_≈≈...♣
#.##.#
♣♣..≈≈≈≈≈@.♣♣
#..<(#
♣...≈≈≈5..♣
...###
♣♣(....5.♣♣
#....#
♣♣.....♣♣
#..###
♣♣..)♣♣ #..#
♣.....♣ #..#
♣.......♣
...#
♣...≈≈≈...♣
...#
#..≈≈≈≈≈..#


You could see a white imp (summoned) and a shadow imp (summoned).

Vanquished Creatures
  2 adders (D:2)
  2 dart slugs
  3 giant cockroaches
  8 goblins (D:1)
  4 hobgoblins
  A bat (D:2)
  A frilled lizard (D:2)
  4 kobolds
  6 rats
31 creatures vanquished.

Notes
Turn   | Place    | Note
-------+----------+-------------------------------------------
     0 | D:1      | grindst0ne the Human Chaos Knight began the quest for the
                  | Orb.
     0 | D:1      | Reached XP level 1. HP: 18/18 MP: 1/1
   173 | D:1      | Reached XP level 2. HP: 24/24 MP: 2/2
   201 | D:1      | XOM: smoke on damage
   265 | D:1      | XOM: silly message
   482 | D:1      | XOM: cloud trail
   619 | D:1      | Reached XP level 3. HP: 29/29 MP: 3/3
  1005 | D:2      | Found a white marble altar of Elyvilon.
  1008 | D:2      | Reached XP level 4. HP: 33/35 MP: 4/4
  1030 | D:2      | Noticed Natasha
  1041 | D:2      | XOM: cast spell 'Cause Fear'
  1045 | D:2      | Killed from afar by a white imp

Illustrated notes

Levels and vault maps discovered:
D:1:      dpeg_arrival_tiny_a, layout_loops_cross, serial_bayou_lagoon_a,
          serial_bayou_lagoon_b
D:2:      layout_loops_ring, elyvilon_altar_3, uniq_natasha

Action                   |  1- 3 |  4- 6 || total
-------------------------+-------+-------++-------
Melee: Hand axe          |    77 |    14 ||    91
  Use: Scroll            |     1 |       ||     1
 Stab: Petrifying        |     1 |       ||     1
  Eat: Chunk             |       |     1 ||     1
Armor: Leather armour    |    19 |     8 ||    27
Dodge: Dodged            |    43 |    18 ||    61
